 Dungeon Crawl Stone Soup version 0.27.0-1-g7a089689b8 (webtiles) character file.

Game seed: 11394300466192695760

247 Revguard the Insei (level 5, 0/41 HPs)
             Began as a Demonspawn Transmuter on Aug 9, 2021.
             Was an Initiate of Hepliaklqana.
             Succumbed to Blork the orc's poison
             ... on level 5 of the Dungeon.
             The game lasted 00:10:55 (3010 turns).

Revguard the Insei (Demonspawn Transmuter)          Turns: 3010, Time: 00:10:56

Health: 0/41       AC:  6    Str: 11    XL:     5   Next: 85%
Magic:  4/8        EV: 12    Int: 15    God:    Hepliaklqana [......]
Gold:   92         SH:  0    Dex: 13    Spells: 2/9 levels left

rFire    . . .     SeeInvis .     - Unarmed
rCold    . . .     Faith    .   (no shield)
rNeg     . . .     Spirit   .   i - +0 leather armour
rPois    .         Reflect  .   (helmet currently unavailable)
rElec    .         Harm     .   (no cloak)
rCorr    .         Rampage  .   (no gloves)
Will     .....                  (boots currently unavailable)
Stlth    +.........             (no amulet)
HPRegen  0.13/turn              (no ring)
MPRegen  0.11/turn              (no ring)

@: lethally poisoned (0 -> -11), appendages (expiring), very slightly
contaminated
A: horns 2, talons 2, claws 2, yellow scales 2
a: End Transformation, Renounce Religion


You were on level 5 of the Dungeon.
You worshipped Hepliaklqana.
Hepliaklqana was noncommittal.
You had temporarily grown beastly horns and talons.
You visited 2 branches of the dungeon, and saw 5 of its levels.

You collected 92 gold pieces.

Inventory:

Armour
 a - a +0 robe
 i - a +0 leather armour (worn)
Jewellery
 j - an amulet of reflection
Scrolls
 b - 7 scrolls of identify {unknown}
 c - 2 scrolls of magic mapping {unknown}
 d - 2 scrolls of enchant weapon {unknown}
 e - a scroll of amnesia {unknown}


   Skills:
 * Level 3.2 Fighting
 + Level 1.5 Armour
 + Level 2.5 Dodging
 + Level 3.3 Unarmed Combat
 + Level 2.6 Spellcasting
 + Level 2.6 Transmutations
 + Level 1.0 Ice Magic


You had 2 spell levels left.
You knew the following spells:

 Your Spells              Type           Power      Damage    Failure   Level
a - Beastly Appendage     Tmut           18%        N/A       10%         1
b - Wereblood             Tmut           9%         N/A       14%         2
c - Ice Form              Ice/Tmut       7%         N/A       78%         4

Your spell library contained the following spells:

 Spells                   Type           Power      Damage    Failure   Level
 Summon Small Mammal      Summ           4%         N/A       28%         1
 Spider Form              Tmut/Pois      2%         N/A       43%         3
 Call Canine Familiar     Summ           1%         N/A       63%         3
 Summon Guardian Golem    Hex/Summ       1%         N/A       63%         3


Dungeon Overview and Level Annotations

Branches:
Dungeon (5/15)             Temple (1/1) D:5

Altars:
Ashenzari
Dithmenos
Elyvilon
Fedhas
Gozag
Hepliaklqana
Kikubaaqudgha
Makhleb
Nemelex Xobeh
Qazlal
Ru
Sif Muna
Trog
Xom
Yredelemnul

Annotations:
D:5 Blork the orc


Innate Abilities, Weirdness & Mutations

You have temporarily grown beastly horns and talons.
You have very sharp fingernails.
You are mostly covered in yellow scales. (AC +3)


Message History

Your transformation is almost over.
You scratch Blork the orc but do no damage.
Your kick misses Blork the orc.
Blork the orc is heavily wounded.
Blork the orc hits you with a +0 hand axe of venom.
You are poisoned.
You claw Blork the orc! Your kick misses Blork the orc.
You headbutt Blork the orc.
Blork the orc is almost dead.
You feel very sick.
Blork the orc hits you with a +0 hand axe of venom.
You are lethally poisoned!
You barely miss Blork the orc.
You claw Blork the orc, but do no damage.
Your headbutt misses Blork the orc.
Blork the orc is almost dead.
* * * LOW HITPOINT WARNING * * *
You feel very sick.
Blork the orc begins to cast a cantrip, but forgets the words!
You aren't carrying any potions.
You scratch Blork the orc.
You claw Blork the orc, but do no damage.
You headbutt Blork the orc, but do no damage.
Blork the orc is almost dead.
* * * LOW HITPOINT WARNING * * *
You feel very sick. Blork the orc closely misses you.
You aren't carrying any items that you can evoke.
Casting: Beastly Appendage (safe; 10% risk of failure)
Confirm with . or Enter, or press ? or * to list all spells.
The spell is potentially lethal to cast (78% risk of failure)!
Continue anyway?
You miscast Ice Form.
You are very lightly contaminated with residual magic.
Nothing appears to happen.
* * * LOW HITPOINT WARNING * * *
You feel very sick. Blork the orc barely misses you.
You closely miss Blork the orc.
Blork the orc is almost dead.
You die...

#
##########
#
......o@.#
##
#.....##.#
.# #.###
#.# .# #.#
.# #.#
.#####
.##.#
.#...#
.##.#
.#...#
.##.#
#########
.'...+
.##.#
#.......#


You could see Blork the orc.

Vanquished Creatures
  Eustachio (D:5)
  A hound (D:5)
  3 adders
  An adder zombie (D:5)
  3 dart slugs
  5 orcs (D:3)
  An endoplasm (D:1)
  3 giant cockroaches
  4 hobgoblins (D:1)
  2 jackals (D:1)
  5 kobolds
  2 quokkas (D:2)
  3 ball pythons
  4 bats
  A frilled lizard (D:1)
  A goblin (D:2)
  5 rats
45 creatures vanquished.

Notes
Turn   | Place    | Note
-------+----------+-------------------------------------------
     0 | D:1      | Revguard the Demonspawn Transmuter began the quest for the
                  | Orb.
     0 | D:1      | Reached XP level 1. HP: 15/15 MP: 3/3
   301 | D:1      | Gained mutation: You have sharp fingernails. [demonic
                  | ancestry]
   301 | D:1      | Reached XP level 2. HP: 21/21 MP: 3/5
   304 | D:1      | Learned a level 2 spell: Wereblood
  1572 | D:2      | Gained mutation: You are partially covered in yellow
                  | scales. (AC +2) [demonic ancestry]
  1572 | D:2      | Reached XP level 3. HP: 25/27 MP: 4/6
  2220 | D:3      | Gained mutation: You have very sharp fingernails. [demonic
                  | ancestry]
  2220 | D:3      | Reached XP level 4. HP: 18/34 MP: 4/7
  2361 | D:3      | Learned a level 4 spell: Ice Form
  2369 | D:3      | You fall into a shaft and drop 2 floors!
  2369 | D:5      | Entered Level 5 of the Dungeon
  2377 | D:5      | Reached skill level 1 in Armour
  2499 | D:5      | Found a staircase to the Ecumenical Temple.
  2506 | Temple   | Entered the Ecumenical Temple
  2725 | Temple   | Became a worshipper of Hepliaklqana the Forgotten
  2789 | D:5      | Noticed Eustachio
  2817 | D:5      | HP: 1/34 [ufetubus[Eustachio] (1)]
  2824 | D:5      | Killed Eustachio
  2825 | D:5      | Reached skill level 1 in Ice Magic
  2825 | D:5      | Gained mutation: You are mostly covered in yellow scales.
                  | (AC +3) [demonic ancestry]
  2825 | D:5      | Reached XP level 5. HP: 28/41 MP: 6/8
  2992 | D:5      | Noticed Blork the orc
  3009 | D:5      | HP: 2/41 [poisoned by Blork the orc]
  3010 | D:5      | Succumbed to Blork the orc's poison

Illustrated notes

Levels and vault maps discovered:
D:1:      dpeg_arrival_court, layout_basic
D:2:      layout_rooms
D:3:      layout_basic, basic_ecumenical_altar, hex_medium
D:5:      layout_basic, nicolae_uskayaw_en_pointe, temple_green,
          minmay_crystal_water, kennysheep_cross_bottleneck,
          amcnicky_mini_corridor_feature, uniq_blork_the_orc, uniq_eustachio
Temple:   regret_index_temple_generic_petals

Skill      XL: |  1  2  3  4 |
---------------+-------------+-----
Transmutations | 2 |  2.6
Dodging        | 2 |  2.5
Fighting       | 2 3 |  3.2
Unarmed Combat | 3 |  3.3
Armour         | 1 |  1.5
Ice Magic      | 1 |  1.0
Spellcasting   | |  2.6

Action                   |  1- 3 |  4- 6 || total
-------------------------+-------+-------++-------
Melee: Unarmed           |   129 |    49 ||   178
       Headbutt          |    12 |     6 ||    18
       Kick              |    17 |     9 ||    26
 Cast: Beastly Appendage |    23 |     5 ||    28
       Wereblood         |     1 |       ||     1
  Use: Potion            |       |     4 ||     4
 Stab: Invisible         |       |     1 ||     1
Armor: Robe              |    39 |       ||    39
       Leather armour    |     4 |    16 ||    20
Dodge: Dodged            |    99 |    48 ||   147
